 Dungeon Crawl Stone Soup version 0.31-a0-705-ga145531891 (console) character file.

Game seed: 9806018020780172377

1490805 orblet the Bringer of Life (level 27, 67/199 HPs)
             Began as a Djinni Hedge Wizard on Sept 8, 2023.
             Was the Champion of Elyvilon.
             Escaped with the Orb
             ... and 3 runes on Sept 9, 2023!
             The game lasted 06:14:52 (94179 turns).

orblet the Bringer of Life (Djinni Hedge Wizard)   Turns: 94179, Time: 06:14:53

Health: 67/199     AC: 28    Str: 26    XL:     27
Gold:   4757       EV: 31    Int: 27    God:    Elyvilon [******] SH: 12 Dex: 26

rFire   + + +        b - staff "Ukkei" {rElec Will+ Conj}
rCold   + + .        C - +3 buckler "Woheononk" {+Inv rElec MP+9 Str+6 Int+3}
rNeg    + + .        M - +5 pearl dragon scales
rPois   ∞            V - +2 hat {Will+}
rElec   +            P - +0 cloak "Visut" {rF+ Str+3 Dex+2}
rCorr   .            e - +1 pair of gloves "Qyighaesk" {rC+ rN+ Int+5}
SInv    .            (boots unavailable)
Will    ++++.        K - amulet "Qaudamm" {Spirit rC++}
Stlth   +            t - +8 ring of strength
HPRegen 0.53/turn    q - +7 ring of evasion
MPRegen 0.00/turn

%: guardian spirit
@: flying, hasted (expiring), studying 2 skills, very quick
A: sickness immunity, fire resistance 2, cold vulnerability 1, float, innate
caster, HP casting, extra vitality 1, screaming 1
0: Orb of Zot
}: 3/15 runes: decaying, silver, gossamer
a: Renounce Religion, Evoke Invisibility, Purification, Heal Other, Heal Self,
Divine Vigour


You escaped.
You worshipped Elyvilon.
Elyvilon was exalted by your worship.
You visited 11 branches of the dungeon, and saw 51 of its levels.
You visited the Abyss 1 time.
You visited 1 bazaar.
You also visited: Ossuary, Bailey, Ice Cave, Wizlab and Desolation.

You collected 9081 gold pieces.
You spent 4324 gold pieces at shops.

Inventory:

Hand Weapons
 a - the +8 whip "Snakebite" {venom, curare, rPois}
   (You took it off a deep elf knight on level 2 of the Depths)

   rPois:     It protects you from poison
Missiles
 x - 30 curare-tipped darts
 D - 6 throwing nets
Armour
 e - the +1 pair of gloves "Qyighaesk" (worn) {rC+ rN+ Int+5}
   (You found it on level 1 of the Spider Nest)

   Int+5:     It affects your intelligence (+5).
   rC+:       It protects you from cold.
   rN+:       It protects you from negative energy.
 y - the +0 hat of Qepror {Contam Harm rElec rC+}
   (You found it on level 1 of the Lair of Beasts)

   rC+:       It protects you from cold.
   rElec:     It insulates you from electricity.
   Contam:    It causes magical contamination when unequipped.
   Harm:      It increases damage dealt and taken.
 C - the +3 buckler "Woheononk" (worn) {+Inv rElec MP+9 Str+6 Int+3}
   (You took it off an imperial myrmidon in the Desolation of Salt)

   Str+6:     It affects your strength (+6).
   Int+3:     It affects your intelligence (+3).
   rElec:     It insulates you from electricity.
   MP+9:      It affects your magic capacity (+9).
   +Inv:      It lets you turn invisible.
 F - the +0 swamp dragon scales "Yshratse" {Rampage rElec rPois Dex+5}
   (You took it off a deep elf master archer on level 3 of the Elven Halls)

   Dex+5:     It affects your dexterity (+5).
   rElec:     It insulates you from electricity.
   rPois:     It protects you from poison Rampage: It bestows one free step when
   moving towards enemies.
 M - +5 pearl dragon scales (worn)
 P - the +0 cloak "Visut" (worn) {rF+ Str+3 Dex+2}
   (You found it on level 5 of the Vaults)

   Str+3:     It affects your strength (+3).
   Dex+2:     It affects your dexterity (+2).
   rF+:       It protects you from fire.
 V - a +2 hat of willpower (worn)
 X - a +1 buckler of resistance
Magical Staves
 b - the staff "Ukkei" (weapon) {rElec Will+ Conj}
   (You found it on level 3 of the Elven Halls)

   [staff of conjuration]

   Base accuracy: +5 Base damage: 5 Base attack delay: 1.2 This weapon's minimum
   attack delay (0.6) is reached at skill level 12.
   rElec:     It insulates you from electricity.
   Will+:     It increases your willpower.
   Conj:      It increases the power of your Conjurations spells.
   It falls into the 'Staves' category.
   It is a one-handed weapon.
 T - a staff of cold
Jewellery
 j - a +6 ring of dexterity
 q - a +7 ring of evasion (right hand)
 t - a +8 ring of strength (left hand)
 B - a +5 ring of evasion
 E - the ring of Wanolil {rC+ Str+6 Int+5 Dex-4 SInv}
   (You took it off a vault warden on level 5 of the Vaults)

   [ring of strength]

   Str+6:     It affects your strength (+6).
   Int+5:     It affects your intelligence (+5).
   Dex-4:     It affects your dexterity (-4).
   rC+:       It protects you from cold.
   SInv:      It lets you see invisible.
 G - an amulet of regeneration
 K - the amulet "Qaudamm" (around neck) {Spirit rC++}
   (You found it in the Desolation of Salt)

   [amulet of guardian spirit]

   Spirit:    It causes incoming damage to be divided between your reserves of
   health and magic.
   rC++:      It greatly protects you from cold.
 L - a ring of see invisible
 U - the ring of Law {rElec rPois AC+4 Str+2 Dex-3}
   (You took it off an imperial myrmidon in the Desolation of Salt)

   [ring of protection]

   AC+4:      It affects your AC (+4).
   Str+2:     It affects your strength (+2).
   Dex-3:     It affects your dexterity (-3).
   rElec:     It insulates you from electricity.
   rPois:     It protects you from poison
Wands
 p - a wand of mindburst (51)
 u - a wand of paralysis (77)
 H - a wand of digging (9)
 I - a wand of flame (85)
 J - a wand of iceblast (43)
 O - a wand of polymorph (31)
 R - a wand of acid (19)
Scrolls
 g - 2 scrolls of fear
 m - 5 scrolls of butterflies
 n - 13 scrolls of vulnerability
 s - 6 scrolls of fog
 z - 10 scrolls of teleportation
 A - 2 scrolls of blinking
Potions
 d - 15 potions of curing
 f - a potion of cancellation
 h - 4 potions of haste
 i - 8 potions of might
 k - 13 potions of mutation
 l - 10 potions of enlightenment
 r - 2 potions of resistance
 v - 14 potions of brilliance
 w - a potion of heal wounds
 N - 10 potions of invisibility
Miscellaneous
 o - a phantom mirror
 Q - a sack of spiders (inert)
 S - a lightning rod (4/4)


   Skills:
 - Level 18.0 Fighting
 - Level 6.2(9.1) Maces & Flails
 - Level 11.2(12.0) Staves
 - Level 15.6 Armour
 - Level 16.8 Dodging
 - Level 1.5 Stealth
 - Level 11.6 Shields
 - Level 20.0 Spellcasting
 - Level 20.0 Conjurations
 - Level 20.0 Hexes
 - Level 20.0 Summonings
 - Level 20.0 Necromancy
 - Level 20.0 Translocations
 - Level 20.0 Transmutations
 - Level 20.0 Fire Magic
 - Level 20.0 Ice Magic
 - Level 20.0 Air Magic
 - Level 20.0 Earth Magic
 - Level 20.0 Poison Magic
 + Level 24.6 Invocations
 - Level 16.7 Evocations


You knew the following spells:

 Your Spells              Type           Power      Damage    Failure   Level
a - Confusing Touch       Hex            94%        N/A       0%          3
b - Iskenderun's Battles  Conj           100%       2d15      1%          5
c - Mephitic Cloud        Conj/Pois/Air  100%       N/A       0%          3
d - Blink                 Tloc           100%       N/A       0%          2
e - Call Imp              Summ           100%       N/A       0%          2
f - Summon Small Mammal   Summ           100%       N/A       0%          1
g - Wereblood             Tmut           94%        N/A       0%          2
h - Momentum Strike       Conj/Tloc      100%       3d10      0%          2
i - Magic Dart            Conj           100%       1d8       0%          1
j - Slow                  Hex            100%       N/A       0%          1
k - Irradiate             Conj/Tmut      58%        3d31      1%          5
l - Summon Cactus Giant   Summ           47%        N/A       1%          6
m - Leda's Unmaking       Conj/Erth      58%        9d10      1%          6
n - Haunt                 Necr/Summ      47%        N/A       1%          7
o - Malign Gateway        Summ/Tloc      47%        N/A       1%          7
p - Orb of Destruction    Conj           58%        9d14      1%          7
q - Borgnjor's Revivific  Necr           47%        N/A       6%          8
r - Death's Door          Necr           47%        N/A       67%         9
Your spell library was empty.

Dungeon Overview and Level Annotations

Branches:
Dungeon (15/15)            Temple (1/1) D:7            Lair (5/5) D:8
  Swamp (4/4) Lair:3       Spider (4/4) Lair:2        Slime (0/5) Lair:5
    Orc (2/2) D:11            Elf (3/3) Orc:2        Vaults (5/5) D:14
  Crypt (3/3) Vaults:3       Tomb (0/3) Crypt:3      Depths (4/4) D:15
    Zot (5/5) Depths:4    Ossuary (visited)          Bailey (visited)
  IceCv (visited)          WizLab (visited)         Desolation (visited)

Altars:
Ashenzari
Cheibriados
Dithmenos
Elyvilon
Fedhas
Gozag
Hepliaklqana
Makhleb
Nemelex Xobeh
Okawaru
Qazlal
Ru
Trog
Uskayaw
Wu Jian
Xom
Yredelemnul
Zin
The Shining One
Lugonu

Shops:
D:6 ?   D:13 *   D:15 (=*   Orc:2 ([([   Elf:1 *   Elf:3 =   Vaults:4 :
Depths:1 (*   Depths:3 !

Portals:
Hell: Depths:1 Depths:2 Depths:3 Depths:4
Abyss: Depths:1 Depths:2 Depths:3 Depths:4
Pandemonium: Depths:2
Ziggurat: Depths:3

Annotations:
D:8 1 transporter
D:9 1 runed translucent door
D:13 2 transporters, Zituum's ghost, journeyman DESu
Elf:2 3 runed translucent doors
Elf:3 3 runed translucent doors, Piceto's ghost, adept DEFE
Depths:3 1 transporter, exclusions: dread lich and 1 more exclusion


Innate Abilities, Weirdness & Mutations

You are immune to sickness and miasma.
You are immune to poison.
Your flesh is very heat resistant. (rF++)
You are vulnerable to cold. (rC-)
You float through the air rather than walking.
You learn spells naturally, not from books.
Your magical power is your life essence.
You have superior vitality. (+4 MHP)
You occasionally shout uncontrollably at your foes.


Message History

You kill the Orb Guardian!
Aiming: Dig
Press: ? - help, Shift-Dir - straight line, f - you Please select a direction to dig.
This square is covered in magical glow.
The rock shatters into small pieces.
You yell at the Hell Sentinel!
A Hell Sentinel comes into view.
You feel yourself speed up.
Aiming: Dig
Press: ? - help, Shift-Dir - straight line, f - you Please select a direction to dig.
This square is covered in magical glow.
The rock shatters into small pieces.
The Hell Sentinel gestures at you. The iron shot hits you!!!
Aiming: Dig
Press: ? - help, Shift-Dir - straight line, f - you Please select a direction to dig.
This square is covered in magical glow.
The rock shatters into small pieces.
Press: ? - help, v - describe, . - travel A metal wall.
This square is covered in magical glow.
The Hell Sentinel gestures at you.
The sphere of damnation explodes!
The damnation engulfs you!!!
Aiming: Dig
Press: ? - help, Shift-Dir - straight line, f - you Please select a direction to dig.
This square is covered in magical glow.
The rock shatters into small pieces.
The Hell Sentinel gestures at you.
The sphere of damnation explodes!
The damnation engulfs you!!
There is an open door here.
An Ice Fiend comes into view.
Your extra speed is starting to run out.
The Ice Fiend calls on the powers of darkness!
Your body is wracked with pain!
There is a staircase leading out of the dungeon here.
You have escaped!

#.............#
#.#.#####
#########&###.## #.#.# #
#...##..# #.#.#####
###..)###.# #.#.##...
#...§...#.###.#.##...
#.≈...≈.#.##....##...
#.≈§..≈.#..#....##...
#.≈...§§##......##...
#.≈1@.≈.#####'#.#####
#.≈...≈.# ##...#...#
#.......# ##..#...#.#
#...8...###.#.#.....)
#⌠.....⌠##.##.#.#.#.#
####>####.###.#.#.#+#
#####.#.## #.#.#....
#......## #.#.....1
#####.....######.#.#....


You could see Uxuzotar and an Ice Fiend.

Vanquished Creatures
  An orb of fire (Zot:5)
  2 dread liches
  Margery (Vaults:3)
  A curse toe (Zot:4)
  Xtahua (Crypt:3)
  Norris (Depths:3)
  13 golden dragons
  the Enchantress (Depths:2)
  A Tzitzimitl (D:13)
  Jory (Depths:4)
  2 Brimstone Fiends
  3 tentacled monstrosities
  19 Orb Guardians
  An electric golem (Zot:5)
  A shard shrike skeleton (Crypt:2)
  A walking crystal tome (Depths:4)
  5 liches
  5 quicksilver dragons
  5 deep elf master archers
  2 deep elf blademasters (Elf:3)
  7 sphinxes
  10 ancient champions
  An Executioner (Zot:3)
  6 death cobs
  14 storm dragons
  Frances (D:13)
  7 tengu reavers
  3 thorn hunters
  Kirke (D:15)
  3 revenants
  7 draconian monks
  5 emperor scorpions
  12 shadow dragons
  5 fire giants
  3 fenstrider witches (WizLab)
  5 draconian knights
  7 deep elf sorcerers
  An imperial myrmidon (Desolation)
  12 frost giants
  7 draconian scorchers
  5 iron dragons
  4 ghost moths
  4 vault wardens
  A hydra zombie (Swamp:4)
  A balrug (D:11)
  6 deep elf elementalists (Elf:3)
  2 reapers
  2 curse skulls
  2 ghouls (Crypt:1)
  4 draconian shifters
  19 ironbound preservers
  3 draconian stormcallers
  2 broodmothers
  5 draconian annihilators
  8 ironbound thunderhulks
  33 very ugly things
  2 spriggan defenders (Depths:2)
  9 green draconians
  3 orc warlords
  18 stone giants
  4 war gargoyles
  9 eleionomae
  11 vampire knights
  2 formless jellyfish
  8 black draconians
  9 deep elf annihilators
  6 dire elephants
  9 purple draconians
  9 yellow draconians
  A spark wasp (shapeshifter) (Vaults:1)
  2 halazid warlocks (Desolation)
  8 deep elf demonologists
  6 red draconians
  4 bunyips
  6 spark wasps
  9 white draconians
  Azrael (Spider:2)
  13 ettins
  An ettin (shapeshifter) (Vaults:5)
  11 deep elf death magi
  5 eidola
  18 yaktaur captains
  A blizzard demon (Depths:2)
  A green death (Zot:5)
  A crystal guardian (Desolation)
  2 shambling mangroves
  6 fire dragons
  6 great orbs of eyes
  3 entropy weavers
  Fannar (D:10)
  4 ragged hierophants (Desolation)
  5 deep elf high priests
  15 jiangshi
  A great orb of eyes (shapeshifter) (Depths:2)
  3 rakshasas
  31 vault guards
  5 servants of whispers (Desolation)
  3 alligators
  2 hell beasts
  19 centaur warriors
  5 peacekeepers
  6 ice dragons
  2 ogre magi
  4 spriggan skeletons
  6 ironbound frosthearts
  8 hydras
  2 spriggan air magi
  A jorogumo (Spider:3)
  2 catoblepae
  9 two-headed ogres
  4 satyrs (WizLab)
  3 death yaks
  9 boulder beetles
  A death knight (Crypt:3)
  5 deep troll shamans
  4 death scarabs (Spider:4)
  9 tengu warriors
  15 dancing weapons
  5 spriggan berserkers
  A shock serpent (Vaults:3)
  2 bennu skeletons
  4 naga sharpshooters (WizLab)
  5 deep troll earth magi
  13 vampire magi
  3 demonic crawlers
  17 hell knights
  2 sun demons (D:11)
  A soul eater (Depths:4)
  2 storm dragon zombies
  Nergalle (Lair:2)
  A salamander mystic (Depths:4)
  4 skysharks
  7 deep elf knights
  5 pharaoh ants
  A shadow wraith (Crypt:2)
  A goliath frog (Swamp:1)
  18 skeletal warriors
  5 iron trolls
  A skyshark (shapeshifter) (Vaults:1)
  6 spriggan druids
  A sea snake (Spider:4)
  3 large abominations (Depths:2)
  2 glowing orange brains
  53 deep trolls
  6 flayed ghosts
  A death drake (Vaults:2)
  9 phantasmal warriors
  A bunyip skeleton (Crypt:3)
  6 harpies
  A spectral jorogumo (Spider:4)
  A steelbarb worm (Spider:1)
  10 deep elf archers
  5 bog bodies
  12 ironbound convokers
  4 swamp dragons
  2 spectral hydras (Swamp:4)
  An anaconda skeleton (Crypt:1)
  6 orb spiders
  7 wizards
  A shadow dragon zombie (Crypt:3)
  32 deep elf pyromancers
  2 necromancers
  8 lindwurms
  A spectral wolf spider (Spider:4)
  5 orc knights
  3 orc sorcerers
  14 deep elf zephyrmancers
  6 oklob plants
  20 wolf spiders
  6 fauns (WizLab)
  A manticore (D:14)
  2 broodmother zombies
  31 ugly things
  A faun (shapeshifter) (Vaults:1)
  A worldbinder (Depths:3)
  27 moths of wrath
  7 cyclopes
  An elephant (shapeshifter) (Vaults:4)
  6 elephants
  A tengu skeleton (Vaults:1)
  5 salamanders
  A formless jellyfish zombie (Crypt:1)
  Joseph (D:10)
  An eye of devastation (Vaults:1)
  A guardian serpent (Desolation)
  An ice statue (IceCv)
  An alligator snapping turtle zombie (Crypt:2)
  5 black mambas
  2 frost giant skeletons (Depths:2)
  A stone giant skeleton (Crypt:3)
  17 vault sentinels
  14 cane toads
  3 orange demons (Crypt:1)
  13 torpor snails
  7 molten gargoyles
  4 gargoyles
  A catoblepas zombie (Crypt:3)
  A spectral redback (Spider:4)
  25 yaktaurs
  5 nameless horrors
  3 tengu conjurers
  A komodo dragon (shapeshifter) (Vaults:5)
  A steelbarb worm zombie (Crypt:3)
  Psyche (D:8)
  An anaconda simulacrum (IceCv)
  3 efreet
  7 komodo dragons
  A swamp worm zombie (Crypt:1)
  A yaktaur (shapeshifter) (Vaults:5)
  3 rime drakes
  9 unseen horrors
  3 freezing wraiths
  A red devil (Depths:2)
  A tormentor (D:6)
  2 grey draconian skeletons
  2 redback zombies (Spider:4)
  A meliai (shapeshifter) (D:13)
  A harpy zombie (Crypt:3)
  5 trolls
  6 meliai
  4 polar bears
  A queen bee (Spider:3)
  10 tyrant leeches
  2 moth of wrath zombies
  13 tarantellas
  A wind drake (shapeshifter) (Elf:1)
  Prince Ribbit (D:6)
  22 blink frogs
  2 death drake zombies (Swamp:4)
  2 wind drakes
  33 saltlings (Desolation)
  2 death drake skeletons (Swamp:4)
  27 hornets
  2 tarantella zombies (Spider:4)
  A frost giant simulacrum (Depths:2)
  A hydra skeleton (Swamp:4)
  A harpy skeleton (Crypt:3)
  13 dream sheep
  A spectral culicivora (Spider:4)
  A spectral tarantella (Spider:4)
  A dream sheep (shapeshifter) (Depths:2)
  A jumping spider zombie (Spider:4)
  A guardian serpent skeleton (Crypt:2)
  An air elemental (Elf:2)
  27 jumping spiders
  8 wraiths
  2 shadows (D:11)
  28 slime creatures
  4 spriggans
  3 vampires
  45 yaks
  2 dire elephant simulacra (IceCv)
  A spriggan (shapeshifter) (Vaults:5)
  20 culicivoras
  A wyvern (Lair:5)
  A tyrant leech zombie (Crypt:3)
  7 basilisks
  7 fire elementals
  3 hogs (D:15)
  A hog (shapeshifter) (D:15)
  3 water elementals
  38 redbacks
  3 steam dragons
  3 unseen horror simulacra (D:9)
  4 fire bats (Elf:2)
  3 death yak simulacra (IceCv)
  A chaos spawn (Depths:2)
  A yaktaur simulacrum (Vaults:1)
  A two-headed ogre zombie (D:11)
  A redback (shapeshifter) (Depths:3)
  A harpy simulacrum (IceCv)
  A warg (D:11)
  A warg (shapeshifter) (Depths:4)
  10 swamp worms
  12 vampire mosquitoes
  An acid dragon (D:9)
  5 hydra simulacra
  10 water moccasins
  2 hell hounds
  4 swamp drakes
  A floating eye (Depths:4)
  45 orc warriors
  An ice beast (D:9)
  A sky beast (D:6)
  2 boggarts (Elf:1)
  5 ogres
  8 centaurs
  2 hog zombies
  7 wolves
  A swamp dragon skeleton (Swamp:4)
  2 phantoms
  A draconian zombie (Crypt:3)
  7 kobold brigands
  14 bullfrogs
  3 gnoll sergeants
  4 small abominations (Depths:2)
  11 scorpions
  A necrophage (Crypt:1)
  6 two-headed ogre simulacra (IceCv)
  19 wights
  A troll zombie (D:11)
  31 killer bees
  A raiju zombie (Crypt:2)
  A yak skeleton (Crypt:2)
  A polar bear skeleton (Crypt:2)
  6 electric eels
  5 howler monkeys
  3 centaur zombies (Ossuary)
  3 lava snakes (Lair:1)
  A wyvern simulacrum (D:9)
  5 hounds
  3 iron imps (Crypt:1)
  A human zombie (Ossuary)
  21 orc priests
  2 gnoll boudas
  A centaur skeleton (Crypt:1)
  A scorpion zombie (Ossuary)
  An iguana (D:6)
  25 orc wizards
  6 spriggan simulacra (IceCv)
  4 polar bear simulacra (IceCv)
  9 troll simulacra (IceCv)
  2 wolf simulacra (IceCv)
  An acid dragon zombie (Crypt:1)
  6 ogre zombies (D:11)
  An ice beast zombie (Crypt:1)
  A hound zombie (Crypt:3)
  A killer bee simulacrum (D:9)
  5 adders
  17 gnolls
  6 naga simulacra (IceCv)
  9 white imps
  9 ufetubi
  A jelly zombie (Crypt:2)
  2 worms
  5 dart slugs
  114 orcs
  8 ball pythons
  2 bats
  A bat skeleton (Crypt:3)
  7 endoplasms
  3 giant cockroaches
  13 goblins
  4 hobgoblins
  8 jackals
  6 quokkas
  8 frilled lizards
  2 gnoll zombies (Ossuary)
  2 goblin skeletons (D:11)
  6 goblin zombies
  2 hobgoblin skeletons (D:11)
  4 hobgoblin zombies
  36 kobolds
  A kobold zombie (Ossuary)
  2 orc skeletons (D:11)
  15 orc zombies
  6 rats
2245 creatures vanquished.

Vanquished Creatures (collateral kills)
  Mara (Vaults:4)
  A profane servitor (Crypt:3)
  15 tentacled monstrosities
  2 Orb Guardians (Zot:5)
  A quicksilver dragon (Zot:3)
  Gastronok (D:12)
  Aizul (Spider:4)
  A storm dragon (Depths:4)
  Roxanne (Swamp:4)
  A fire giant (Vaults:1)
  6 emperor scorpions
  2 imperial myrmidons (Desolation)
  5 vault wardens
  An orc warlord (D:11)
  2 war gargoyles (Vaults:1)
  3 ironbound preservers
  2 ironbound thunderhulks
  2 very ugly things (Elf:3)
  A stone giant (D:15)
  An eleionoma (Swamp:4)
  2 bunyips (Swamp:2)
  4 spark wasps
  2 ettins
  3 entropy weavers
  2 shambling mangroves
  A servant of whispers (Desolation)
  A jorogumo (Spider:1)
  5 vault guards (Vaults:1)
  4 hydras
  An ogre mage (D:15)
  3 alligators
  An ironbound frostheart (Vaults:1)
  2 centaur warriors (Vaults:1)
  2 boulder beetles
  2 two-headed ogres (D:15)
  3 death scarabs (Spider:4)
  A tengu warrior (D:15)
  6 demonic crawlers
  A spectral emperor scorpion (Spider:4)
  4 hell knights
  A skyshark (shapeshifter) (Vaults:1)
  A skyshark (Depths:3)
  13 skeletal warriors
  3 goliath frogs
  2 pharaoh ants
  A swamp dragon (Swamp:3)
  6 deep trolls
  3 bog bodies
  An ironbound convoker (Vaults:2)
  A phantasmal warrior (Vaults:1)
  2 harpies (Vaults:1)
  A steelbarb worm (Spider:3)
  A necromancer (Vaults:1)
  A spectral wolf spider (Spider:4)
  3 wolf spiders (Spider:1)
  A will-o-the-wisp (Swamp:2)
  An elephant (Vaults:1)
  Maurice (D:12)
  A guardian serpent (Desolation)
  A vault sentinel (Vaults:1)
  2 torpor snails (Spider:1)
  A redback zombie (Spider:4)
  2 yaktaurs
  6 tyrant leeches
  A spectral tarantella (Spider:4)
  6 tarantellas
  A bloated husk (Swamp:2)
  4 hornets
  3 saltlings (Desolation)
  2 spectral jumping spiders (Spider:4)
  5 jumping spiders
  9 slime creatures
  2 spriggans
  Sigmund (D:5)
  5 culicivoras
  2 vampire mosquitoes (Swamp:2)
  11 redbacks
  8 swamp worms
  An orc warrior (D:11)
  A human zombie (Vaults:1)
  2 ogres (D:15)
  A swamp dragon skeleton (Swamp:4)
  A scorpion (Ossuary)
  A hound (D:4)
  An orc priest (D:3)
  A jelly (D:5)
  A scorpion zombie (Ossuary)
  An orc wizard (D:5)
  3 mummies (Ossuary)
  3 adders (D:2)
  A shadow imp (D:6)
  A dart slug (D:2)
  A worm (D:4)
  9 orcs
  An endoplasm (D:2)
  A hobgoblin (D:2)
  2 ball pythons (D:2)
  A goblin zombie (Ossuary)
  An orc zombie (Ossuary)
  A rat (D:2)
252 creatures vanquished.

Vanquished Creatures (others)
  Saint Roka (Orc:2)
  An Orb Guardian (Zot:5)
  A sphinx (Vaults:1)
  2 ghost moths
  A draconian annihilator (Zot:4)
  A dire elephant (Vaults:3)
  A bunyip (Swamp:4)
  A deep elf death mage (Elf:3)
  A shambling mangrove (Swamp:4)
  A hydra (Swamp:4)
  An ice dragon (Vaults:1)
  A radroach (Spider:1)
  A death scarab (Spider:4)
  2 deep elf knights
  A goliath frog (Swamp:2)
  A swamp dragon (Swamp:4)
  2 deep elf archers
  A wizard (D:15)
  A harpy (Vaults:3)
  A necromancer (Depths:2)
  A will-o-the-wisp (Swamp:3)
  3 moths of wrath
  A cane toad (Lair:5)
  A rime drake (Lair:5)
  A tengu conjurer (Depths:2)
  A hydra zombie (Swamp:4)
  2 saltlings (Desolation)
  A tarantella (Spider:3)
  3 bloated husks (Swamp:2)
  A polar bear (Desolation)
  A hornet (Swamp:4)
  An air elemental (Elf:3)
  A hydra simulacrum (Swamp:4)
  An ufetubus (D:9)
  3 orcs
  8 foxfires
53 creatures vanquished.

Grand Total: 2550 creatures vanquished

Notes
Turn   | Place    | Note
-------+----------+-------------------------------------------
     0 | D:1      | orblet the Djinni Hedge Wizard began the quest for the Orb.
     0 | D:1      | orblet set off with the following spells memorised: Magic
                  | Dart, Slow, Blink, Call Imp, Mephitic Cloud.
     0 | D:1      | Reached XP level 1. HP: 15/15 MP: 0/0
   286 | D:1      | Reached XP level 2. HP: 16/21 MP: 0/0
   952 | D:2      | Reached XP level 3. HP: 17/25 MP: 0/0
   952 | D:2      | Learned a level 1 spell: Summon Small Mammal
  1464 | D:2      | Reached XP level 4. HP: 29/31 MP: 0/0
  1904 | D:2      | Reached XP level 5. HP: 28/35 MP: 0/0
  1904 | D:2      | Learned a level 2 spell: Wereblood
  2857 | D:3      | Identified the +0 chain mail of Hurec {+Blink rElec rPois
                  | Slay-6}
  3021 | D:4      | Reached skill level 5 in Spellcasting
  3021 | D:4      | Reached skill level 5 in Conjurations
  3021 | D:4      | Reached skill level 5 in Hexes
  3021 | D:4      | Reached skill level 5 in Summonings
  3021 | D:4      | Reached skill level 5 in Necromancy
  3021 | D:4      | Reached skill level 5 in Translocations
  3021 | D:4      | Reached skill level 5 in Transmutations
  3021 | D:4      | Reached skill level 5 in Fire Magic
  3021 | D:4      | Reached skill level 5 in Ice Magic
  3021 | D:4      | Reached skill level 5 in Air Magic
  3021 | D:4      | Reached skill level 5 in Earth Magic
  3021 | D:4      | Reached skill level 5 in Poison Magic
  3021 | D:4      | Reached XP level 6. HP: 37/40 MP: 0/0
  3446 | D:4      | Found a glowing silver altar of Zin.
  3760 | D:4      | Reached XP level 7. HP: 33/45 MP: 0/0
  3760 | D:4      | Learned a level 2 spell: Momentum Strike
  3880 | D:5      | Entered Level 5 of the Dungeon
  4138 | D:5      | Identified the +5 dagger of Desertification {freeze, Int+4
                  | Stlth+}
  4209 | D:5      | Noticed Sigmund
  4271 | D:5      | Found a sand-covered staircase.
  4282 | Ossuary  | Entered an ossuary
  4447 | Ossuary  | Reached skill level 1 in Fighting
  4447 | Ossuary  | Reached XP level 8. HP: 36/52 MP: 0/0
  4477 | Ossuary  | Reached skill level 1 in Maces & Flails
  5429 | D:5      | Killed Sigmund
  5430 | D:5      | Reached XP level 9. HP: 54/59 MP: 0/0
  5430 | D:5      | Learned a level 3 spell: Confusing Touch
  5525 | D:5      | Reached skill level 5 in Dodging
  6236 | D:6      | Noticed Prince Ribbit
  6269 | D:6      | Killed Prince Ribbit
  6270 | D:6      | Reached skill level 5 in Maces & Flails
  7041 | D:6      | Found Zuupn's Magic Scroll Boutique.
  7049 | D:6      | Bought a scroll of identify for 24 gold pieces
  7648 | D:6      | Reached XP level 10. HP: 32/68 MP: 0/0
  7849 | D:7      | Found a flagged portal.
  7889 | Bailey   | Entered a bailey
  8552 | Bailey   | Noticed an orc knight
  8553 | Bailey   | Identified the +2 bardiche "Wuviawne" {heavy, rN++}
  8760 | Bailey   | Killed an orc knight
  8870 | Bailey   | Reached skill level 1 in Evocations
  9177 | D:7      | Found a staircase to the Ecumenical Temple.
  9182 | Temple   | Entered the Ecumenical Temple
  9224 | Temple   | Became a worshipper of Elyvilon the Healer
  9963 | D:8      | Noticed Psyche
  9980 | D:8      | Killed Psyche
 10222 | D:8      | Reached skill level 5 in Fighting
 10247 | D:8      | Found a transporter.
 10428 | D:8      | Reached * piety under Elyvilon
 10459 | D:8      | Found a snail-covered altar of Cheibriados.
 10528 | D:8      | Found a staircase to the Lair.
 10529 | D:8      | Noticed a komodo dragon
 10556 | D:8      | Killed a komodo dragon
 10557 | D:8      | Reached XP level 11. HP: 51/76 MP: 0/0
 10557 | D:8      | Learned a level 5 spell: Iskenderun's Battlesphere
 11556 | D:9      | Found a runed translucent door.
 11600 | D:9      | Reached skill level 5 in Evocations
 11870 | D:9      | Reached ** piety under Elyvilon
 11884 | D:9      | Found a sparkling altar of Nemelex Xobeh.
 12243 | D:9      | Reached skill level 1 in Invocations
 12470 | D:9      | Reached skill level 2 in Invocations
 12552 | D:9      | Found a runed translucent door.
 12935 | D:9      | Noticed a cyclops
 13002 | D:9      | Noticed a two-headed ogre
 13142 | D:9      | Killed a two-headed ogre
 13143 | D:9      | Reached skill level 3 in Invocations
 13186 | D:9      | Identified the +3 leather armour of Epnumyk {Stlth+}
 13222 | D:9      | Noticed a two-headed ogre
 13241 | D:9      | Killed a two-headed ogre
 13317 | D:9      | Reached skill level 4 in Invocations
 13317 | D:9      | Reached XP level 12. HP: 51/81 MP: 0/0
 13616 | D:9      | Noticed a two-headed ogre
 13626 | D:9      | Killed a two-headed ogre
 13627 | D:9      | Reached skill level 5 in Invocations
 13658 | D:10     | Entered Level 10 of the Dungeon
 13760 | D:10     | Noticed Fannar
 13825 | D:10     | Noticed Joseph
 13835 | D:10     | Killed Joseph
 13970 | D:10     | Reached *** piety under Elyvilon
 14218 | Lair:1   | Entered Level 1 of the Lair of Beasts
 14298 | Lair:1   | Reached skill level 10 in Spellcasting
 14298 | Lair:1   | Reached skill level 10 in Conjurations
 14298 | Lair:1   | Reached skill level 10 in Hexes
 14298 | Lair:1   | Reached skill level 10 in Summonings
 14298 | Lair:1   | Reached skill level 10 in Necromancy
 14298 | Lair:1   | Reached skill level 10 in Translocations
 14298 | Lair:1   | Reached skill level 10 in Transmutations
 14298 | Lair:1   | Reached skill level 10 in Fire Magic
 14298 | Lair:1   | Reached skill level 10 in Ice Magic
 14298 | Lair:1   | Reached skill level 10 in Air Magic
 14298 | Lair:1   | Reached skill level 10 in Earth Magic
 14298 | Lair:1   | Reached skill level 10 in Poison Magic
 14388 | Lair:1   | Noticed a catoblepas
 14438 | Lair:1   | Killed a catoblepas
 15067 | Lair:1   | Found a runed translucent door.
 15106 | Lair:1   | Reached XP level 13. HP: 85/87 MP: 0/0
 15106 | Lair:1   | Learned a level 5 spell: Irradiate
 15222 | Lair:1   | Found a runed translucent gate.
 15223 | Lair:1   | Identified the +0 hat of Qepror {Contam Harm rElec rC+}
 15226 | Lair:1   | Found a runed translucent gate.
 15227 | Lair:1   | Found a runed translucent gate.
 15227 | Lair:1   | Found a runed translucent gate.
 15227 | Lair:1   | Found a runed translucent gate.
 15231 | Lair:1   | Found a runed translucent gate.
 15360 | Lair:1   | Identified the amulet "Tunecuh" {Acrobat +Blink rElec}
 15441 | Lair:2   | Reached **** piety under Elyvilon
 15709 | Lair:2   | You are sucked into a shaft and drop 1 floor!
 15886 | Lair:2   | Noticed Nergalle
 15906 | Lair:2   | Killed Nergalle
 16268 | Lair:2   | Found a hole to the Spider Nest.
 16650 | Lair:3   | Reached skill level 10 in Evocations
 16792 | Lair:3   | Noticed an eight-headed hydra
 16822 | Lair:3   | Reached ***** piety under Elyvilon
 16914 | Lair:3   | Killed an eight-headed hydra
 17269 | Lair:3   | Reached XP level 14. HP: 94/94 MP: 0/0
 17277 | Lair:3   | Found a staircase to the Swamp.
 17780 | Lair:4   | Found a frozen archway.
 17809 | IceCv    | Entered an ice cave
 18163 | IceCv    | Reached skill level 1 in Shields
 18411 | IceCv    | Noticed a reaper
 18650 | IceCv    | Killed a reaper
 19458 | Lair:4   | Reached skill level 10 in Dodging
 19599 | Lair:5   | Entered Level 5 of the Lair of Beasts
 19757 | Lair:5   | Reached skill level 6 in Invocations
 19906 | Lair:5   | Was placed under penance by Elyvilon
 20033 | Lair:5   | Found a runed translucent door.
 20168 | Lair:5   | Reached skill level 7 in Invocations
 20385 | Lair:5   | Reached XP level 15. HP: 91/100 MP: 0/0
 20385 | Lair:5   | Learned a level 6 spell: Summon Cactus Giant
 20552 | Lair:5   | Was forgiven by Elyvilon
 21094 | Lair:5   | Found a staircase to the Slime Pits.
 22060 | D:10     | Killed Fannar
 22533 | D:11     | Found a staircase to the Orcish Mines.
 22746 | D:11     | Identified the +1 falchion "Withun" {drain, *Corrode rF+
                  | Will++}
 23181 | D:12     | Noticed Gastronok
 23181 | D:12     | Noticed Maurice
 23210 | D:12     | Killed Gastronok
 23238 | D:12     | Killed Maurice
 23921 | D:13     | Reached XP level 16. HP: 111/111 MP: 0/0
 24073 | D:13     | Found Yffupaxa's General Store.
 24081 | D:13     | Bought a scroll of revelation for 120 gold pieces
 24097 | D:13     | Noticed Frances
 24580 | D:14     | Found a gate to the Vaults.
 24670 | D:14     | Found a hazy altar of Hepliaklqana.
 25097 | D:14     | Found a white marble altar of Elyvilon.
 25442 | D:13     | Found a transporter.
 25443 | D:13     | Noticed Zituum's ghost (journeyman DESu)
 26074 | D:13     | Identified the +4 great mace of Ornamental Judgement
                  | {freeze, rN+ Int+3 Dex-2 SInv}
 26103 | D:13     | Found a transporter.
 26189 | D:15     | Entered Level 15 of the Dungeon
 26196 | D:15     | Found Vato's Weapon Shoppe.
 26363 | D:15     | Noticed Kirke
 26545 | Orc:1    | Entered Level 1 of the Orcish Mines
 26562 | D:11     | Reached skill level 5 in Shields
 26888 | Orc:1    | Found an iron altar of Okawaru.
 26965 | Orc:1    | Paralysed by an orc sorcerer for 3 turns
 27077 | Orc:2    | Entered Level 2 of the Orcish Mines
 27170 | Orc:2    | Reached skill level 1 in Staves
 27232 | Orc:2    | Found Soil's Armour Emporium.
 27419 | Orc:2    | Found Edwizxir's Weapon Boutique.
 27866 | Orc:2    | Reached skill level 10 in Fighting
 28111 | Orc:2    | Noticed Saint Roka
 28353 | Orc:2    | Found a staircase to the Elven Halls.
 28545 | Orc:2    | Killed Saint Roka
 28801 | Orc:2    | Found Okhlaoqa's Antique Weapon Boutique.
 28803 | Orc:2    | Found Hedoer's Antique Armour Shop.
 28810 | Orc:2    | Bought a pair of smoking gloves for 266 gold pieces
 28810 | Orc:2    | Identified the +0 pair of gloves of the Ward {rPois rF+
                  | Str+4 Int-4 Dex+3} (You bought it in a shop on level 2 of
                  | the Orcish Mines)
 28823 | Orc:2    | Bought a jacinth-encrusted ring mail for 252 gold pieces
 28823 | Orc:2    | Identified the +2 ring mail of the Stars {Contam Harm Fly
                  | Stlth+} (You bought it in a shop on level 2 of the Orcish
                  | Mines)
 29159 | Swamp:1  | Entered Level 1 of the Swamp
 29566 | Swamp:1  | Reached ****** piety under Elyvilon
 29618 | Swamp:1  | Reached XP level 17. HP: 82/119 MP: 0/0
 29618 | Swamp:1  | Learned a level 6 spell: Leda's Unmaking
 30110 | Swamp:2  | Noticed a tentacled monstrosity
 30228 | Swamp:2  | Killed a tentacled monstrosity
 30523 | Swamp:2  | Reached skill level 5 in Staves
 30871 | Swamp:2  | Identified the +1 robe "Tyivaurch" {rElec Dex+3}
 31551 | Swamp:3  | Identified the +2 robe of Qorut {+Inv Int+3}
 31866 | Swamp:4  | Entered Level 4 of the Swamp
 32012 | Swamp:4  | Reached skill level 8 in Invocations
 32075 | Swamp:4  | Noticed Roxanne
 32151 | Swamp:4  | Killed Roxanne
 32597 | Swamp:4  | Reached skill level 9 in Invocations
 32729 | Swamp:4  | Found a basalt altar of Yredelemnul.
 32858 | Swamp:4  | Reached XP level 18. HP: 124/126 MP: 0/0
 33353 | D:6      | Bought a scroll of enchant armour for 90 gold pieces
 33353 | D:6      | Bought a scroll of immolation for 48 gold pieces
 33353 | D:6      | Bought 2 scrolls of teleportation for 72 gold pieces
 33706 | D:15     | Found Wepaq's General Store.
 33865 | D:15     | Reached skill level 1 in Armour
 34239 | D:15     | Found Metata's Jewellery Boutique.
 34469 | D:15     | Found a staircase to the Depths.
 34721 | Spider:1 | Entered Level 1 of the Spider Nest
 35195 | Spider:1 | Reached skill level 5 in Armour
 35929 | Spider:1 | Identified the +1 pair of gloves "Qyighaesk" {rC+ rN+
                  | Int+5}
 36518 | Spider:2 | Noticed Azrael
 36526 | Spider:2 | Killed Azrael
 37214 | Spider:2 | Reached XP level 19. HP: 113/135 MP: 0/0
 37214 | Spider:2 | Learned a level 7 spell: Haunt
 37877 | Spider:3 | Reached skill level 10 in Invocations
 38422 | Spider:3 | Reached skill level 11 in Invocations
 39114 | Spider:4 | Entered Level 4 of the Spider Nest
 39193 | Spider:4 | Noticed Aizul
 39206 | Spider:4 | Killed Aizul
 40133 | Spider:4 | Identified the +11 rapier of Extremism {heavy, Will+++
                  | Int-4 Dex+7 Stlth-}
 40509 | Spider:4 | Reached skill level 15 in Spellcasting
 40509 | Spider:4 | Reached skill level 15 in Conjurations
 40509 | Spider:4 | Reached skill level 15 in Hexes
 40509 | Spider:4 | Reached skill level 15 in Summonings
 40509 | Spider:4 | Reached skill level 15 in Necromancy
 40509 | Spider:4 | Reached skill level 15 in Translocations
 40509 | Spider:4 | Reached skill level 15 in Transmutations
 40509 | Spider:4 | Reached skill level 15 in Fire Magic
 40509 | Spider:4 | Reached skill level 15 in Ice Magic
 40509 | Spider:4 | Reached skill level 15 in Air Magic
 40509 | Spider:4 | Reached skill level 15 in Earth Magic
 40509 | Spider:4 | Reached skill level 15 in Poison Magic
 40885 | Spider:4 | Identified the +5 whip of the Writhing Madman {freeze,
                  | Will+}
 41008 | Spider:4 | Reached XP level 20. HP: 107/141 MP: 0/0
 41099 | Spider:4 | Reached skill level 10 in Shields
 41360 | Spider:4 | Identified the +1 pair of boots "Bureot" {Dex+3}
 41409 | Spider:4 | Got a gossamer rune of Zot
 41867 | Vaults:1 | Entered Level 1 of the Vaults
 42072 | Vaults:1 | Found a flickering gateway to a bazaar.
 42081 | Bazaar   | Entered a bazaar
 42082 | Bazaar   | Found Giuj's Assorted Antiques.
 42090 | Bazaar   | Bought a smoking buckler for 218 gold pieces
 42090 | Bazaar   | Identified the +0 buckler of Resourcefulness {Harm Will+
                  | Str+3 Dex-2} (You bought it in a shop in a bazaar)
 42098 | Bazaar   | Found Imuorer's Jewellery Shoppe.
 42113 | Bazaar   | Found Goxo's Jewellery Emporium.
 42117 | Bazaar   | Found Zudaor's Book Shoppe.
 42183 | Vaults:1 | Identified the +5 great sword of Tuekoj {flame, rPois Str+6
                  | Int+2}
 42204 | Vaults:1 | Found a crumbling gateway.
 42208 | Desolati | Entered the Desolation of Salt
 42526 | Desolati | Identified the +3 buckler "Woheononk" {+Inv rElec MP+9
                  | Str+6 Int+3}
 42656 | Desolati | Identified the ring of Kucago Poid {Fly rF- rN++ Int+2}
 42664 | Desolati | Identified the amulet "Qaudamm" {Spirit rC++}
 42892 | Desolati | Identified the ring of Law {rElec rPois AC+4 Str+2 Dex-3}
 43095 | Desolati | Identified the ring of Piameh {Wiz *Slow rPois rCorr Str-3}
 43524 | Desolati | Identified the amulet "Nenelun" {Faith Fragile +Blink rF+
                  | Str+3}
 43581 | Desolati | Identified the +2 ring mail of the New World {Int+4}
 43582 | Desolati | Identified the amulet "Avikast" {Acrobat rN+ rCorr}
 44476 | Vaults:1 | Reached XP level 21. HP: 151/152 MP: 0/0
 44476 | Vaults:1 | Learned a level 7 spell: Malign Gateway
 44844 | Vaults:1 | Reached skill level 15 in Evocations
 45385 | Vaults:1 | Identified the +7 trident "Cuxih" {drain, *Noise Fly rCorr}
 45402 | Vaults:1 | Reached skill level 12 in Invocations
 45503 | Vaults:1 | Identified the +1 pair of boots "Taangah" {Dex+6}
 45987 | Vaults:2 | Reached skill level 13 in Invocations
 46583 | Vaults:2 | Reached skill level 10 in Staves
 47479 | Vaults:2 | Reached skill level 15 in Dodging
 47540 | Vaults:2 | Reached XP level 22. HP: 88/158 MP: 0/0
 47852 | Vaults:2 | Upgraded the game from 0.31-a0-702-gf82c85558f to
                  | 0.31-a0-705-ga145531891
 48089 | Vaults:3 | Found a staircase to the Crypt.
 48089 | Vaults:3 | Found a basalt altar of Yredelemnul.
 48849 | Vaults:3 | Noticed Margery
 49084 | Vaults:2 | Reached skill level 10 in Armour
 49630 | Vaults:3 | Killed Margery
 50387 | Vaults:4 | Found Tiucyl's Book Shoppe.
 50521 | Vaults:4 | Reached skill level 14 in Invocations
 50751 | Vaults:4 | Noticed Mara
 52002 | Elf:1    | Entered Level 1 of the Elven Halls
 52470 | Elf:1    | Reached XP level 23. HP: 159/159 MP: 0/0
 52470 | Elf:1    | Learned a level 7 spell: Orb of Destruction
 52480 | Elf:1    | Found Seufi's Assorted Antiques.
 52489 | Elf:1    | Bought a scroll of blinking for 165 gold pieces
 52489 | Elf:1    | Bought a scroll of teleportation for 66 gold pieces
 53925 | Elf:2    | Found a runed translucent gate.
 53926 | Elf:2    | Found a runed translucent gate.
 53926 | Elf:2    | Found a runed translucent gate.
 54268 | Elf:3    | Entered Level 3 of the Elven Halls
 54274 | Elf:3    | Found a runed translucent gate.
 54275 | Elf:3    | Found a runed translucent gate.
 54276 | Elf:3    | Found a runed translucent gate.
 54301 | Elf:3    | Found Koesk's One-of-a-Kind Rings.
 54305 | Elf:3    | Bought a +7 ring of evasion for 858 gold pieces
 57016 | Elf:3    | Identified the +0 swamp dragon scales "Yshratse" {Rampage
                  | rElec rPois Dex+5}
 57824 | Elf:3    | Identified the ring of the Locust {rF+ Will+ Str+2 Int-4
                  | Dex+6}
 57936 | Elf:3    | Identified the staff "Ukkei" {rElec Will+ Conj}
 58227 | Elf:3    | Paralysed by an air elemental for 1 turns
 58350 | Elf:3    | Found a runed translucent gate.
 58350 | Elf:3    | Found a runed translucent gate.
 58354 | Elf:3    | Found a runed translucent gate.
 58361 | Elf:3    | Noticed Piceto's ghost (adept DEFE)
 58417 | Elf:3    | Bought a +8 ring of strength for 715 gold pieces
 59420 | Swamp:4  | Found a blossoming altar of Fedhas.
 59444 | Swamp:4  | Reached XP level 24. HP: 154/170 MP: 0/0
 59467 | Swamp:4  | Got a decaying rune of Zot
 59797 | Depths:1 | Entered Level 1 of the Depths
 59797 | Depths:1 | Found a one-way gate to the infinite horrors of the Abyss.
 60044 | Depths:1 | Found Zicaebb's Weapon Emporium.
 60352 | D:15     | Killed Kirke
 61289 | Depths:1 | Found Mamyurr's Mass Market.
 61614 | Depths:1 | Found a gateway to Hell.
 61755 | Depths:1 | Found an ornate altar of the Wu Jian Council.
 63057 | Depths:2 | Found a one-way gate leading to the halls of Pandemonium.
 63626 | Depths:2 | Identified the +4 rapier of the Pharaoh's Fist {flame, Fly
                  | rF- Int+4 SInv}
 63878 | Depths:2 | Identified the +4 short sword of the Crawling Thing {heavy,
                  | rC+}
 64338 | Depths:2 | Noticed the Enchantress
 64345 | Depths:2 | Killed the Enchantress
 64618 | Abyss:2  | Cast into level 2 of the Abyss (hell knight)
 64639 | Abyss:2  | Found a corrupted altar of Lugonu.
 64662 | Depths:3 | Escaped the Abyss
 64686 | Depths:3 | Reached XP level 25. HP: 105/175 MP: 0/0
 64686 | Depths:3 | Learned a level 8 spell: Borgnjor's Revivification
 64913 | Depths:3 | Identified the ring "Pitoreha" {Fire rPois}
 64935 | Depths:3 | Noticed a dread lich
 65016 | Depths:3 | Noticed an ancient lich
 65017 | Depths:3 | Found Cygh's Distillery.
 65017 | Depths:3 | Found a one-way gateway to a ziggurat.
 65611 | Depths:3 | Found a corrupted altar of Lugonu.
 65909 | Depths:3 | Noticed Norris
 65966 | Depths:3 | Killed Norris
 66908 | Depths:3 | Found a transporter.
 67119 | Depths:3 | Bought 2 potions of heal wounds for 220 gold pieces
 67119 | Depths:3 | Bought a potion of heal wounds for 110 gold pieces
 67119 | Depths:3 | Bought a potion of experience for 1100 gold pieces
 67119 | Depths:3 | Reached XP level 26. HP: 182/182 MP: 0/0
 67180 | Depths:4 | Entered Level 4 of the Depths
 67508 | Depths:4 | Found a magical portal.
 67559 | WizLab   | Entered Eringya's Formal Garden
 68847 | WizLab   | Found a blossoming altar of Fedhas.
 69664 | Depths:4 | Reached skill level 15 in Fighting
 70238 | Depths:4 | Noticed Jory
 70257 | Depths:4 | Killed Jory
 70324 | Depths:4 | Found a gate to the Realm of Zot.
 70713 | Crypt:1  | Entered Level 1 of the Crypt
 70769 | Crypt:1  | Reached skill level 15 in Invocations
 70926 | Crypt:1  | Reached XP level 27. HP: 184/191 MP: 0/0
 70926 | Crypt:1  | Learned a level 9 spell: Death's Door
 73621 | Crypt:3  | Entered Level 3 of the Crypt
 73816 | Crypt:3  | Noticed Xtahua
 73822 | Crypt:3  | Killed Xtahua
 74426 | Crypt:3  | Noticed Mennas
 74439 | Crypt:3  | Pacified Mennas
 76367 | Crypt:3  | Found a basalt altar of Yredelemnul.
 76397 | Crypt:3  | Noticed a dread lich
 76415 | Crypt:3  | Killed a dread lich
 76582 | Crypt:3  | Found a staircase to the Tomb.
 76802 | Crypt:3  | Identified the +3 ring mail "Dejaella" {rPois rF+ Will+
                  | Regen+}
 77289 | Vaults:5 | Entered Level 5 of the Vaults
 77856 | Vaults:4 | Killed Mara
 78528 | Vaults:5 | Noticed a dread lich
 78560 | Vaults:4 | Killed a dread lich
 79202 | Vaults:4 | Reached skill level 15 in Armour
 79316 | Vaults:4 | Reached skill level 16 in Invocations
 80482 | Vaults:5 | Identified the +6 sling "Jaxer" {heavy, Int+5 Dex+2}
 80573 | Vaults:5 | Identified the +5 scale mail "Inuomuchyd" {rPois}
 80969 | Vaults:5 | Reached skill level 17 in Invocations
 81620 | Vaults:5 | Identified the ring of Wanolil {rC+ Str+6 Int+5 Dex-4 SInv}
 81666 | Vaults:5 | Identified the +0 steam dragon scales of Ybloci Vau {*Slow
                  | rPois Will+ Str+3}
 81709 | Vaults:5 | Identified the +0 helmet "Esontav" {Contam Str+6}
 81948 | Vaults:5 | Got a silver rune of Zot
 81957 | Vaults:5 | Reached skill level 18 in Invocations
 81989 | Vaults:5 | Identified the +0 cloak "Visut" {rF+ Str+3 Dex+2}
 82303 | Vaults:5 | Identified the +7 plate armour "Pelleaco" {-Tele rC+ SInv}
 82753 | Vaults:5 | Identified the staff "Ucoumuh" {rN+ MP+9 Int+3 Dex-2 Necro}
 83162 | Zot:1    | Entered Level 1 of the Realm of Zot
 83210 | Zot:1    | Identified the +1 plate armour of an ice cave {rF+ Int-4
                  | SInv}
 83968 | Zot:1    | Reached skill level 19 in Invocations
 85664 | Zot:2    | Reached skill level 20 in Invocations
 87524 | Zot:3    | Reached skill level 21 in Invocations
 89622 | Zot:4    | Reached skill level 22 in Invocations
 91145 | Zot:5    | Entered Level 5 of the Realm of Zot
 91479 | Zot:5    | Reached skill level 23 in Invocations
 92344 | Zot:5    | Noticed a Killer Klown
 92347 | Zot:5    | Pacified a Killer Klown
 92356 | Zot:5    | Noticed an orb of fire
 92377 | Zot:5    | Gained mutation: You occasionally shout uncontrollably at
                  | your foes. [an orb of fire]
 92381 | Zot:5    | Killed an orb of fire
 92549 | Zot:5    | Noticed a Killer Klown
 92551 | Zot:5    | Pacified a Killer Klown
 92847 | Zot:5    | Reached skill level 24 in Invocations
 93379 | Zot:5    | Got the Orb of Zot
 93765 | D:13     | Killed Frances
 93777 | D:13     | Noticed Naecaky the pandemonium lord
 93954 | D:6      | Noticed Seofu the pandemonium lord
 94061 | D:1      | Noticed Uxuzotar the pandemonium lord
 94179 | D:$      | Escaped with the Orb!

Illustrated notes

Levels and vault maps discovered:
D:1:      dreamdust_arrival_sigmund_warning, layout_basic
D:2:      minmay_thinvault, layout_loops_corners, serial_bayou_pond_d
D:3:      layout_loops_ring, serial_glass, glass_columns_b, glass_columns_c,
          glass_columns_c, glass_columns_b
D:4:      layout_rooms, old_standard_altar
D:5:      layout_loops_ring, enter_ossuary_5, minmay_fractal_squares_diagonal_5,
          uniq_sigmund
D:6:      layout_basic, serial_shops, shop, nicolae_water_bricks,
          chequers_serial_rivers_micro_a, uniq_prince_ribbit1
D:7:      layout_loops_ring, minmay_temple_entry_nine_rooms, enter_bailey_5
D:8:      layout_loops_ring, cheibriados_altar_1, david_lair_shrubbed,
          nicolae_diode_basic, uniq_psyche
D:9:      cheibrodos_histonic, layout_loops_corners,
          nemelex_diamond_rough_becter, serial_ice, serial_ice_j, serial_ice_m,
          serial_ice_f, serial_ice_b, serial_ice_a, serial_ice_d, serial_ice_g,
          serial_ice_n, serial_ice_h, serial_ice_o
D:10:     layout_basic, uniq_joseph, uniq_fannar
D:11:     layout_roguey, zombieorc2_lemuel
D:12:     layout_roguey, uniq_gastronok, uniq_maurice
D:13:     layout_big_octagon, gammafunk_ghost_smash, serial_shops, shop,
          uniq_frances
D:14:     layout_roguey, david_vaults_2, nzn_hepliaklqana_mist_gate,
          grunt_decor_resistance, nicolae_elyvilon_temple_path
D:15:     hangedman_depths_entry_civil_slaughter, layout_rooms,
          roderic_three_in_a_row, serial_shops, nicolae_shop_back_alley_shop,
          shop, shop, uniq_kirke
Temple:   nicolae_temple_bog_church
Lair:1:   gammafunk_indiana_jones, layout_cave_shapes, serial_bayou_shore_b,
          serial_bayou_shore_b, infiniplex_staircase_pool, serial_bayou_shore_b
Lair:2:   layout_roguey, dummy_spider_entry, uniq_nergalle
Lair:3:   layout_loops_ring, nicolae_swamp_entry_splash_gauntlet,
          dreamdust_wasp_nest, grunt_megastairs_1
Lair:4:   layout_long_grid, portal_ice_cave_entry_pillars_2
Lair:5:   hangedman_lair_in_review, layout_gridlike, wormcave,
          dpeg_slime_entry_enclosed, amcnicky_mini_pool_medium
Swamp:1:  layout_basic_swamp, hangedman_swamp_ruin_wall,
          nicolae_swamp_stuck_in_the_mud
Swamp:2:  layout_falls_marsh, nicolae_swamp_treefoil, swamp_pool2,
          nicolae_swamp_super_fun_site
Swamp:3:  layout_basic_swamp, evilmike_swamp_ruin_house_4
Swamp:4:  byrel_swamp_growth_death_and_undeath, layout_basic_swamp, uniq_roxanne
Spider:1: layout_spider_delve, hellmonk_motheaten_closet
Spider:2: layout_cave_pods, hangedman_spider_tarantella_strand, uniq_azrael
Spider:3: layout_cave_pods, special_room [special_room_bee],
          nicolae_spider_some_kinda_spiderbox
Spider:4: floodkiller_spider_rune_tomb, uniq_aizul
Orc:1:    layout_caves, basic_altar, okawaru_metal_pillars_3
Orc:2:    grunt_orc_community_town_hall, layout_caves,
          grunt_orc_community_big_house_2, grunt_orc_community_big_house_2,
          grunt_orc_community_house_2, grunt_orc_community_house_1,
          grunt_orc_community_house_1, grunt_orc_community_house_1,
          nicolae_orc_stony_grotto, mines3_lemuel
Elf:1:    eino_elf_arrival_the_gate, layout_loops_corners,
          hangedman_elf_disciples, minmay_shop_star
Elf:2:    nicolae_elf_blades_crystal_corner, layout_loops_corners, minivault_8
Elf:3:    elf_hall, layout_loops_ring,
          ploomutoo_gammafunk_ghost_potion_laboratory, nicolae_shop_unique_rings
Vaults:1: portal_desolation_entry_nicolae_forbidding_blocks,
          ontoclasm_vaults_eye, nicolae_vaults_doubleplus_tesselated,
          st_greater_box_4, nicolae_vaults_house_2,
          nicolae_vaults_little_squares_3, dpeg_vaults_monster_box,
          ontoclasm_vaults_chip, layout_vaults_chaotic_city, serial_shops,
          bzr_firewalk
Vaults:2: vaults_room_door_ring, vaults_mumra_chevron,
          nicolae_vaults_diagonal_hallway_6, nicolae_vaults_turnstiles,
          hangedman_vaults_capsules, hangedman_vaults_stitches,
          nicolae_vaults_closet_pinwheel_5, nicolae_vaults_asterisk,
          nicolae_vaults_shipping_containers_2, nicolae_vaults_network_s,
          nicolae_vaults_cochlea, nicolae_vaults_variable_pillar_hall,
          layout_vaults_ring
Vaults:3: minmay_crypt_entry_necro_gods, grunt_vaults_diagonal,
          hangedman_vaults_maws, nicolae_vaults_shipping_containers_4,
          nicolae_vaults_mitosis, nicolae_vaults_shrinking_rooms_1,
          ontoclasm_vaults_chip, nicolae_vaults_more_shelving_1, v_misc_1,
          ontoclasm_vaults_hangar, nicolae_vaults_little_squares_6,
          nicolae_vaults_little_squares_2, layout_vaults_omnicross, uniq_margery
Vaults:4: hangedman_vaults_cutoff, vaults_room_octagon,
          nicolae_vaults_three_branches, vaults_room_pools,
          nicolae_vaults_yaktaur_gun_rack, nicolae_vaults_closet_pinwheel_4,
          nicolae_vaults_wrenched, nicolae_vaults_specimen_jars,
          ontoclasm_vaults_gateway, layout_vaults_quadrants, serial_shops,
          nicolae_shop_mannequins, uniq_mara
Vaults:5: serial_shops
Crypt:1:  layout_gridlike, grunt_ministairs_5, lemuel_hellish_altar,
          grunt_crypt_arrival_split
Crypt:2:  layout_gridlike, grunt_megastairs_5
Crypt:3:  lightli_unholy_cathedral, layout_chaotic_city, grunt_ministairs_2,
          uniq_xtahua, uniq_mennas
Depths:1: layout_long_grid, serial_shops, kennysheep_mini, grunt_metal_band,
          abyss_entry, minmay_shop_mass, nzn_wu_jian_contemplation
Depths:2: grunt_forest_end_shrine, layout_basic, serial_rivers,
          chequers_serial_rivers_small_a, chequers_serial_rivers_micro_a,
          chequers_serial_rivers_large_b, chequers_serial_rivers_marsh,
          chequers_serial_rivers_small_a, chequers_serial_rivers_room_b,
          minmay_room_of_horrors, minmay_misc_feat_columns,
          hangedman_coc_ice_floe, rand_demon_pan_entry_1, kennysheep_two_boxes
Depths:3: gammafunk_sealed_library, layout_honeycomb, enter_ziggurat_d,
          abyss_entry_flame_altar, minmay_staircase_statues, serial_shops, shop,
          grunt_hell_entry_dis_grunt, kennysheep_generic_room_5, uniq_norris
Depths:4: grunt_zot_entry_bicorn, layout_cave_pools,
          hangedman_abyss_entry_splay, hangedman_tar_grid_catacomb,
          hangedman_decor_peaks_small, lightli_enter_wizlab_magi_temple,
          st_stairs_1, hangedman_abyss_or_decor_stagger, serial_bayou_shore_b,
          uniq_jory
Zot:1:    layout_cathedral_of_symmetry, grunt_megastairs_4
Zot:2:    layout_cellular_growth, bh_zot_ikea_curve, st_small_dragon_hoard_4
Zot:3:    layout_gridlike, zot_minivault_7
Zot:4:    layout_misc_corridors, hangedman_zot_decor_slant, grunt_megastairs_2
Zot:5:    layout_gridlike, skrybe_zot_glass_2

Skill      XL: |  1  2  3  4  5  6  7  8  9 10 11 12 13 14 15 16 17 18 19 20 21 22 23 24 25 26 27 |
---------------+----------------------------------------------------------------------------------+-----
Spellcasting   | 3 4 5 6 7 8 9 10 11 12 13 14 15 17 18 19 20 | 20.0
Conjurations   | 3 4 5 6 7 8 9 10 11 12 13 14 15 17 18 19 20 | 20.0
Hexes          | 3 4 5 6 7 8 9 10 11 12 13 14 15 17 18 19 20 | 20.0
Summonings     | 3 4 5 6 7 8 9 10 11 12 13 14 15 17 18 19 20 | 20.0
Necromancy     | 3 4 5 6 7 8 9 10 11 12 13 14 15 17 18 19 20 | 20.0
Translocations | 3 4 5 6 7 8 9 10 11 12 13 14 15 17 18 19 20 | 20.0
Transmutations | 3 4 5 6 7 8 9 10 11 12 13 14 15 17 18 19 20 | 20.0
Fire Magic     | 3 4 5 6 7 8 9 10 11 12 13 14 15 17 18 19 20 | 20.0
Ice Magic      | 3 4 5 6 7 8 9 10 11 12 13 14 15 17 18 19 20 | 20.0
Air Magic      | 3 4 5 6 7 8 9 10 11 12 13 14 15 17 18 19 20 | 20.0
Earth Magic    | 3 4 5 6 7 8 9 10 11 12 13 14 15 17 18 19 20 | 20.0
Poison Magic   | 3 4 5 6 7 8 9 10 11 12 13 14 15 17 18 19 20 | 20.0
Fighting       | 1 2 4 5 6 8 10 12 14 15 18 | 18.0
Maces & Flails | 3 5 6 |  6.2
Dodging        | 4 5 8 9 11 12 13 14 15 16 | 16.8
Evocations     | 3 5 7 10 11 12 13 14 15 16 | 16.7
Invocations    | 4 5 7 9 11 13 14 15 24 | 24.6
Shields        | 4 5 9 11 | 11.6
Staves         | 3 8 9 11 | 11.2
Armour         | 6 7 11 12 14 15 | 15.6
Stealth        | |  1.5

Action                     |  1- 3 |  4- 6 |  7- 9 | 10-12 | 13-15 | 16-18 | 19-21 | 22-24 | 25-27 || total
---------------------------+-------+-------+-------+-------+-------+-------+-------+-------+-------++-------
  Melee: Whip              |     1 |    23 |   271 |   600 |   188 |       |       |    42 |       ||  1125
         Punch             |       |       |     4 |    10 |     4 |       |       |       |       ||    18
         Staff             |       |       |       |       |   764 |  1412 |  1990 |  2259 |  4575 || 11000
  Throw: Dart              |       |       |       |       |       |     1 |     2 |     5 |       ||     8
   Cast: Magic Dart        |    63 |   151 |   133 |   293 |   315 |    43 |     6 |       |       ||  1004
         Call Imp          |     4 |     8 |    43 |     2 |       |       |       |       |       ||    57
         Mephitic Cloud    |       |     1 |    23 |    77 |    71 |    43 |     5 |    24 |     4 ||   248
         Iskenderun's Batt |       |       |       |    47 |    65 |    13 |     4 |       |       ||   129
         Summon Small Mamm |       |       |       |       |     1 |       |       |       |     1 ||     2
         Blink             |       |       |       |       |     5 |    17 |    16 |    17 |    22 ||    77
         Slow              |       |       |       |       |     2 |     1 |       |       |       ||     3
         Summon Cactus Gia |       |       |       |       |     3 |   102 |    88 |    13 |    25 ||   231
         Confusing Touch   |       |       |       |       |       |     1 |       |       |       ||     1
         Orb of Destructio |       |       |       |       |       |       |       |   102 |    39 ||   141
         Leda's Unmaking   |       |       |       |       |       |       |       |     2 |       ||     2
         Wereblood         |       |       |       |       |       |       |       |       |     1 ||     1
 Invoke: Heal Other        |       |       |       |       |    27 |    19 |    21 |     7 |    21 ||    95
         Heal Self         |       |       |       |       |       |     2 |     1 |     4 |     6 ||    13
         Purification      |       |       |       |       |       |       |       |       |     1 ||     1
  Evoke: Wand              |       |       |       |     8 |    21 |    22 |    29 |    12 |    33 ||   125
         Sack of spiders   |       |       |       |       |     2 |     3 |     1 |       |     3 ||     9
         Phantom mirror    |       |       |       |       |       |       |       |     2 |     1 ||     3
    Use: Scroll            |       |     6 |    12 |     9 |     7 |    17 |     6 |     9 |    18 ||    84
         Potion            |       |       |     3 |     1 |     1 |     3 |     7 |     2 |    27 ||    44
   Stab: Confused          |       |     2 |    17 |    75 |    64 |    13 |       |    24 |     3 ||   198
         Distracted        |       |       |     1 |       |     1 |     5 |     9 |     1 |     3 ||    20
         Paralysed         |       |       |       |    11 |     1 |       |     5 |       |       ||    17
         Sleeping          |       |       |       |     1 |     4 |     8 |     1 |     2 |       ||    16
 Armour: Robe              |     3 |    24 |   127 |   101 |    33 |       |       |       |       ||   288
         Leather armour    |       |       |       |    64 |   254 |   444 |       |       |       ||   762
         Skin              |       |       |       |       |       |     3 |       |       |       ||     3
         Acid dragon scale |       |       |       |       |       |   236 |   801 |   411 |       ||  1448
         Pearl dragon scal |       |       |       |       |       |       |       |   359 |  1827 ||  2186
  Dodge: Dodged            |       |    17 |   176 |   434 |   807 |  1303 |  1609 |  1248 |  3220 ||  8814
  Block: Buckler           |       |       |       |       |   286 |   545 |   855 |   720 |  1835 ||  4241

Table legend: (Time is in decaauts)
 A = Elapsed time spent in this place.
 B = Non-inter-level travel time spent in this place.
 C = Inter-level travel time spent in this place.
 D = Time resting spent in this place.
 E = Time spent auto-exploring this place.
 F = Levels seen in this place.
 G = Mean time per level.
                   A        B        C        D        E       F      G
               +--------+--------+--------+--------+--------+-----+--------+
         Total |  90902 |  85563 |   5339 |  25128 |  30638 |  58 | 1567.3 |
       Dungeon |  19861 |  17600 |   2261 |   3898 |   7839 |  15 | 1324.1 |
        Temple |     62 |     45 |     17 |      0 |      0 |   1 |   62.0 |
          Lair |   7187 |   6386 |    801 |   1104 |   2897 |   5 | 1437.4 |
         Swamp |   4486 |   4125 |    361 |   1010 |   1469 |   4 | 1121.5 |
   Spider Nest |   6750 |   6561 |    189 |   1214 |   2350 |   4 | 1687.5 |
  Orcish Mines |   2311 |   2175 |    136 |    459 |    944 |   2 | 1155.5 |
   Elven Halls |   6324 |   6140 |    184 |   2263 |   1750 |   3 | 2108.0 |
        Vaults |  13349 |  12762 |    587 |   4211 |   4082 |   5 | 2669.8 |
         Crypt |   6105 |   5955 |    150 |   2258 |   2211 |   3 | 2035.0 |
        Depths |   8384 |   7954 |    430 |   2885 |   3180 |   4 | 2096.0 |
           Zot |   9788 |   9569 |    219 |   3850 |   2969 |   5 | 1957.6 |
         Abyss |     43 |     43 |      0 |      0 |      0 |   1 |   43.0 |
        Bazaar |     61 |     61 |      0 |      0 |      0 |   1 |   61.0 |
       Ossuary |   1099 |   1099 |      0 |    492 |     17 |   1 | 1099.0 |
        Bailey |   1075 |   1075 |      0 |    515 |     89 |   1 | 1075.0 |
      Ice Cave |   1186 |   1186 |      0 |    279 |    187 |   1 | 1186.0 |
        Wizlab |   1418 |   1418 |      0 |    471 |    576 |   1 | 1418.0 |
    Desolation |   1405 |   1405 |      0 |    216 |     78 |   1 | 1405.0 |
               +--------+--------+--------+--------+--------+-----+--------+

Top non-repeatable levels by time:
   Elf:3: 4145 daAuts
Vaults:4: 4117 daAuts
Depths:3: 2870 daAuts
Vaults:5: 2763 daAuts
Depths:2: 2514 daAuts
     D:9: 2497 daAuts
Spider:4: 2447 daAuts
 Crypt:3: 2441 daAuts
 Crypt:2: 2391 daAuts
Vaults:1: 2350 daAuts
   Zot:3: 2337 daAuts
  Lair:5: 2303 daAuts
   Zot:5: 2145 daAuts
   Zot:1: 2137 daAuts
Vaults:2: 2060 daAuts
